 Dungeon Crawl Stone Soup version 0.20-a0-910-gb611367 (webtiles) character file.

389 Rrauwl the Skirmisher (level 6, -4/56 HPs)
             Began as a Minotaur Fighter on Mar 23, 2017.
             Succumbed to an orc wizard's poison
             ... on level 4 of the Dungeon.
             The game lasted 00:10:02 (2699 turns).

Rrauwl the Skirmisher (Minotaur Fighter)            Turns: 2699, Time: 00:10:02

Health: -4/56      AC:  8    Str: 22    XL:     6   Next: 49%
Magic:  5/5        EV:  9    Int:  5    God:
Gold:   190        SH: 10    Dex: 10    Spells: 5/5 levels left

rFire    . . .     SeeInvis .   a - +0 war axe
rCold    . . .     Gourm    .   b - +0 scale mail
rNeg     . . .     Faith    .   c - +0 shield
rPois    .         Spirit   .   (helmet unavailable)
rElec    .         Reflect  .   d - +0 cloak
rCorr    .         Harm     .   (no gloves)
MR       +....                  (no boots)
Stlth    ..........             q - amulet of regeneration
Regen    0.6/turn               (no ring)
MPRegen  0.1/turn               o - ring of flight

@: lethally poisoned (-4 -> -31)
A: retaliatory headbutt, horns 3, magic resistance 1
a: Evoke Flight


You were on level 4 of the Dungeon.
You were not hungry.

You visited 1 branch of the dungeon, and saw 4 of its levels.

You collected 190 gold pieces.

Inventory:

Hand Weapons
 a - a +0 war axe (weapon)
Armour
 b - a +0 scale mail (worn)
 c - a +0 shield (worn)
 d - a +0 cloak (worn)
Jewellery
 o - a ring of flight (left hand)
 q - an amulet of regeneration (around neck)
Scrolls
 i - 3 scrolls of remove curse
 k - 2 scrolls of identify
 l - 2 scrolls of teleportation {unknown}
 n - a scroll of random uselessness {unknown}
 p - a scroll of fear {unknown}
 r - 4 scrolls of immolation {unknown}
Potions
 h - 2 potions of mutation
Comestibles
 f - 4 bread rations
 g - 6 chunks of flesh
 s - 2 fruits


   Skills:
 + Level 5.4 Fighting
 + Level 4.3 Axes
 + Level 4.9 Armour
 + Level 2.5 Dodging
 + Level 5.2 Shields


You had 5 spell levels left.
You didn't know any spells.

Dungeon Overview and Level Annotations

Branches:
Dungeon (4/15)
 Temple: D:4-7

Altars:


Innate Abilities, Weirdness & Mutations

You reflexively headbutt those who attack you in melee.
You have a pair of large horns on your head.
You are resistant to hostile enchantments. (MR+)


Message History

You hear some strange, mumbled words.
A puff of frost appears from out of thin air!
The puff of frost hits you!
* * * LOW HITPOINT WARNING * * *
Something hits you but does no damage.
You are more poisoned.
You miss something.
* * * LOW HITPOINT WARNING * * *
You feel very sick. You block something's attack. x2
Unknown command.
You barely miss something. Your headbutt misses something.
* * * LOW HITPOINT WARNING * * *
You feel very sick. Something hits you.
* * * LOW HITPOINT WARNING * * *
You are more poisoned.
You block something's attack.
You hit something but do no damage. Your headbutt misses something.
You die...

###.###..# ###
#......######
#...
#.####......##
.#...
####.......#
......
#.##....<..#
#....###
#.#........#
#....[o#
#.#.###....#
#{###<...........
#@#............##
#.###........###
#...#.#.######
###.#)......#
#...#.###.#
#.#.#.# ###.#.#
... ..##


You could see an orc.

Vanquished Creatures
  The ghost of luab the Cudgeler, an amateur GrFi (D:3)
  A howler monkey (D:4)
  Crazy Yiuf (D:3)
  An orc wizard (D:4)
  A hound skeleton (D:4)
  4 gnolls (D:3)
  7 adders
  2 adder skeletons (D:4)
  2 worms (D:2)
  2 dart slugs (D:1)
  4 leopard geckos
  8 orcs
  2 ball pythons (D:1)
  3 giant cockroaches
  9 goblins
  2 hobgoblins (D:1)
  9 jackals
  3 quokkas
  5 bats
  6 frilled lizards
  8 kobolds
  5 rats
86 creatures vanquished.

Notes
Turn   | Place    | Note
-------+----------+-------------------------------------------
     0 | D:1      | Rrauwl the Minotaur Fighter began the quest for the Orb.
     0 | D:1      | Reached XP level 1. HP: 19/19 MP: 0/0
   115 | D:1      | Reached XP level 2. HP: 27/27 MP: 1/1
   305 | D:1      | Reached skill level 1 in Dodging
   305 | D:1      | Reached XP level 3. HP: 33/33 MP: 2/2
  1070 | D:2      | Reached XP level 4. HP: 31/40 MP: 3/3
  1544 | D:3      | Noticed luab's ghost (amateur GrFi)
  1614 | D:3      | Killed luab's ghost
  1614 | D:3      | Reached XP level 5. HP: 40/47 MP: 4/4
  1772 | D:3      | Reached skill level 5 in Fighting
  1790 | D:3      | Reached skill level 5 in Shields
  2128 | D:3      | Found a runed door.
  2132 | D:3      | Gained mutation: You have a pair of large horns on your head. [potion of mutation]
  2132 | D:3      | Gained mutation: You are resistant to hostile enchantments. (MR+) [potion of mutation]
  2136 | D:3      | Noticed Crazy Yiuf
  2140 | D:3      | Killed Crazy Yiuf
  2140 | D:3      | Reached XP level 6. HP: 56/56 MP: 5/5
  2698 | D:4      | HP: 1/56 [something (5)]
  2699 | D:4      | Succumbed to an orc wizard's poison

Vault maps used:
D:1:      nicolae_arrival_washed_ashore
D:3:      first_bread, minmay_misc_feat_x, minmay_misc_feat_columns,
          nrook_uturn, uniq_crazy_yiuf_cottage
D:4:      serial_shops, shop, serial_park_tiny_2

Skill      XL: |  1  2  3  4  5 |
---------------+----------------+-----
Shields        | 4 5 |  5.2
Dodging        | 1 2 |  2.5
Armour         | 4 |  4.9
Fighting       | 4 5 |  5.4
Axes           | 3 4 |  4.3

Action                   |  1- 3 |  4- 6 || total
-------------------------+-------+-------++-------
Melee: War axe           |    78 |   134 ||   212
       Headbutt          |    12 |    15 ||    27
       Hand axe          |    17 |       ||    17
  Use: Scroll            |     4 |       ||     4
       Potion            |       |     6 ||     6
  Eat: Chunk             |     1 |     5 ||     6
Armor: Scale mail        |    44 |    53 ||    97
       Skin              |       |     1 ||     1
Dodge: Dodged            |    36 |    44 ||    80
Block: Shield            |    66 |    69 ||   135
